 Dungeon Crawl Stone Soup version 0.30-a0-3-gc9032a9cac (webtiles) character file.

Game seed: 13652778314895751021

4508 Murumi the Blocker (level 10, -4/77 (79) HPs)
             Began as a Formicid Fighter on Aug 20, 2022.
             Was a Believer of Okawaru.
             Slain by an orc warrior
             ... wielding a +0 vorpal battleaxe
              (6 damage)
             ... on level 7 of the Dungeon.
             The game lasted 00:34:24 (9817 turns).

Murumi the Blocker (Formicid Fighter)               Turns: 9817, Time: 00:34:25

HP:   -4/77 (79)    AC: 17    Str: 20    XL:     10   Next: 65%
MP:   13/13         EV:  8    Int: 13    God:    Okawaru [**....]
Gold: 408           SH: 14    Dex: 13    Spells: 9/9 levels left

rFire   . . .      SeeInvis +    a - +0 flail (protect)
rCold   . . .      Faith    .    c - +3 buckler
rNeg    . . .      Spirit   .    e - +0 chain mail
rPois   .          Reflect  +    (helmet unavailable)
rElec   .          Harm     .    (no cloak)
rCorr   .          Rampage  .    (no gloves)
Will    +++..                    (no boots)
Stlth   ..........               k - amulet of reflection
HPRegen 0.22/turn                h - ring of willpower
MPRegen 0.13/turn                D - ring of willpower

@: under a protective aura, lightly drained
A: permanent stasis, dig shafts and tunnels, antennae 3, four strong arms
a: Dig, Shaft Self, Renounce Religion, Heroism


You were on level 7 of the Dungeon.
You worshipped Okawaru.
Okawaru was pleased with you.
You visited 2 branches of the dungeon, and saw 9 of its levels.
You also visited: Ossuary.

You collected 408 gold pieces.

Inventory:

Hand Weapons
 a - a +0 flail of protection (weapon)
 l - a +0 whip
Missiles
 f - 5 atropa-tipped darts
 o - 7 poisoned darts
 v - 7 boomerangs (quivered)
Armour
 c - a +3 buckler (worn)
 e - a +0 chain mail (worn)
Jewellery
 h - a ring of willpower (left hand)
 k - an amulet of reflection (around neck)
 D - a ring of willpower (right hand)
Wands
 r - a wand of polymorph (9)
 w - a wand of flame (62)
 x - a wand of digging (4)
 y - a wand of light (10)
Scrolls
 p - a scroll of amnesia
 C - 2 scrolls of enchant armour
Potions
 b - a potion of flight {unknown}
 d - a potion of might
 m - a potion of cancellation {unknown}
 n - 3 potions of curing
 q - a potion of brilliance {unknown}
 z - 2 potions of attraction
 A - a potion of mutation {unknown}
 B - 2 potions of magic


   Skills:
 - Level 7.0 Fighting
 - Level 6.0 Maces & Flails
 - Level 6.0 Throwing
 - Level 7.0 Armour
 - Level 2.0 Dodging
 - Level 5.0 Stealth
 + Level 9.7 Shields
 - Level 4.0 Invocations
 - Level 3.0 Evocations


You had 9 spell levels left.
You didn't know any spells.
Your spell library contained the following spells:

 Spells                   Type           Power      Damage    Failure   Level
 Shock                    Conj/Air       0%         1d3       97%         1
 Ensorcelled Hibernation  Hex/Ice        0%         N/A       99%         2
 Passwall                 Tmut/Erth      0%         N/A       99%         2
 Sublimation of Blood     Necr           0%         N/A       99%         2
 Conjure Flame            Conj/Fire      0%         6-21      100%        3
 Ignite Poison            Fire/Tmut/Pois 0%         N/A       100%        3
 Portal Projectile        Hex/Tloc       0%         N/A       100%        3
 Airstrike                Air            0%         2d(0-16)  100%        4
 Petrify                  Tmut/Erth      0%         N/A       100%        4
 Sticky Flame             Conj/Fire      0%         2d3       100%        4
 Blade Hands              Tmut           0%         N/A       100%        5
 Irradiate                Conj/Tmut      0%         3d11      100%        5
 Swiftness                Air            Unusable   N/A       N/A         3
 Tukima's Dance           Hex            Unusable   N/A       N/A         3

Dungeon Overview and Level Annotations

Branches:
Dungeon (8/15)             Temple (1/1) D:5         Ossuary (visited)
   Lair: D:8-11

Altars:
Ashenzari
Cheibriados
Dithmenos
Fedhas
Gozag
Hepliaklqana
Kikubaaqudgha
Makhleb
Nemelex Xobeh
Okawaru
Qazlal
Ru
Sif Muna
Trog
Uskayaw
Vehumet
Wu Jian
Xom
The Shining One


Innate Abilities, Weirdness & Mutations

You cannot be hasted, slowed, berserked, paralysed or teleported.
You can dig through walls and to a lower floor.
You have a pair of large antennae on your head. (SInv)
Your four strong arms can wield two-handed weapons with a shield.


Message History

The orc warrior is lightly wounded.
The orc warrior barely misses you. You block the orc warrior's attack.
You thump the orc warrior!
Your weapon exudes an aura of protection.
The orc warrior is heavily wounded.
You block the orc warrior's attack.
You hit the orc warrior but do no damage.
The orc warrior is heavily wounded.
You block the orc warrior's attack.
You hit the orc warrior but do no damage.
The orc warrior is heavily wounded.
The orc warrior hits you with a +0 vorpal battleaxe!
You thump the orc warrior!
The orc warrior is almost dead.
You block the orc warrior's attack.
You barely miss the orc warrior.
The orc warrior is almost dead.
You block the orc warrior's attack.
You hit the orc warrior but do no damage.
The orc warrior is almost dead.
The orc warrior hits you with a +0 vorpal battleaxe.
You barely miss the orc warrior.
The orc warrior is almost dead.
The orc warrior hits you with a +0 vorpal battleaxe!!
* * * LOW HITPOINT WARNING * * *
x2 You feel better.
You block the orc warrior's attack.
You completely miss the orc warrior.
The orc warrior is almost dead.
The orc warrior hits you with a +0 vorpal battleaxe!
* * * LOW HITPOINT WARNING * * *
x2 Unknown command.
Okay, then.
You hit the orc warrior but do no damage.
The orc warrior is almost dead.
You block the orc warrior's attack.
The orc warrior hits you but does no damage.
You hit the orc warrior.
The orc warrior is almost dead.
The orc warrior hits you with a +0 vorpal battleaxe.
You die...

......###...#.####
.......##....###
.......###.....#### ###
....##.# ##.......#####.##
....#### ##......'..##..#
.......# ###....##.....#
#......#### ######......##
#..)..)...####............#
..........##...#@##...#..##
..#............#o#...##...#
................o....###..#
.................#.......##
..........#.>............#
....#.....#......#...##.##
......###...#..[##......####
............#...#..##...##.##
#..##.##...............##...#


You could see an orc warrior and an orc.

Vanquished Creatures
  A hydra (D:7)
  Grinder (D:3)
  Prince Ribbit (D:5)
  A shadow (D:7)
  A wraith (D:7)
  2 steam dragons
  Duvessa (D:5)
  A sky beast (D:6)
  2 ice beasts
  A black bear (D:4)
  2 ogres (D:7)
  A centaur (D:8)
  2 phantoms (D:5)
  7 elf zombies (Ossuary)
  4 necrophages
  Blork the orc (D:6)
  A scorpion (D:7)
  3 wights (D:7)
  Dowan (D:5)
  A howler monkey (D:5)
  2 hounds
  2 jellies (D:7)
  A centaur zombie (Ossuary)
  4 orc priests
  A gnoll bouda (D:6)
  4 human zombies (Ossuary)
  3 iguanas
  5 orc wizards
  3 mummies (Ossuary)
  Robin (D:3)
  18 gnolls
  8 adders
  2 shadow imps
  4 dart slugs
  21 orcs
  5 endoplasms
  3 giant cockroaches
  16 goblins
  7 hobgoblins
  13 jackals
  3 quokkas
  5 ball pythons
  3 bats
  4 frilled lizards
  3 kobolds
  7 rats
  A spectral goblin (D:6)
184 creatures vanquished.

Notes
Turn   | Place    | Note
-------+----------+-------------------------------------------
     0 | D:1      | Murumi the Formicid Fighter began the quest for the Orb.
     0 | D:1      | Reached XP level 1. HP: 18/18 MP: 1/1
    88 | D:1      | Reached XP level 2. HP: 21/25 MP: 2/2
   468 | D:1      | Reached XP level 3. HP: 30/30 MP: 3/3
   798 | D:1      | Reached skill level 1 in Throwing
   885 | D:1      | Reached XP level 4. HP: 29/37 MP: 4/4
  1006 | D:2      | Reached skill level 1 in Dodging
  1687 | D:2      | Found a faded altar of an unknown god.
  1777 | D:2      | Found an opulent altar of Gozag.
  1852 | D:2      | Reached XP level 5. HP: 38/42 MP: 5/5
  2126 | D:3      | Noticed Grinder
  2137 | D:3      | Killed Grinder
  2138 | D:3      | Reached skill level 5 in Shields
  2138 | D:3      | Reached skill level 6 in Shields
  2138 | D:3      | Reached XP level 6. HP: 48/48 MP: 6/6
  2194 | D:3      | Noticed Robin
  2214 | D:3      | Reached skill level 1 in Stealth
  2219 | D:3      | Killed Robin
  2663 | D:3      | Found a bloodstained altar of Trog.
  2678 | D:3      | Found a shimmering altar of Xom.
  3359 | D:3      | Reached skill level 1 in Evocations
  3359 | D:3      | Reached XP level 7. HP: 54/54 MP: 7/7
  3371 | D:4      | Found a sand-covered staircase.
  3383 | Ossuary  | Entered an ossuary
  3655 | Ossuary  | Reached XP level 8. HP: 36/61 MP: 8/8
  3682 | Ossuary  | Reached skill level 5 in Fighting
  3895 | Ossuary  | Reached skill level 5 in Armour
  3936 | Ossuary  | Reached skill level 7 in Shields
  4308 | D:4      | Reached skill level 8 in Shields
  4473 | D:4      | Found a radiant altar of Vehumet.
  5110 | D:5      | Entered Level 5 of the Dungeon
  5216 | D:5      | Found a shadowy altar of Dithmenos.
  5219 | D:5      | Found a stormy altar of Qazlal.
  5254 | D:5      | Reached XP level 9. HP: 20/68 MP: 9/9
  5267 | D:5      | Reached skill level 5 in Maces & Flails
  5900 | D:5      | Found a burning altar of Makhleb.
  5900 | D:5      | Noticed a blizzard demon
  5966 | D:5      | Found a staircase to the Ecumenical Temple.
  5975 | Temple   | Entered the Ecumenical Temple
  6013 | Temple   | Became a worshipper of Warmaster Okawaru
  6330 | D:6      | Noticed Duvessa
  6330 | D:6      | Noticed Dowan
  6352 | D:5      | Killed Duvessa
  6353 | D:5      | Reached skill level 1 in Invocations
  6364 | D:5      | HP: 2/69 [Dowan/stone arrow (16)]
  6370 | D:5      | Killed Dowan
  6737 | D:6      | Noticed Prince Ribbit
  6774 | D:5      | Killed Prince Ribbit
  6989 | D:6      | Reached * piety under Okawaru
  7032 | D:6      | Noticed Blork the orc
  7042 | D:6      | Killed Blork the orc
  7043 | D:6      | Reached skill level 5 in Throwing
  7829 | D:6      | Found a hazy altar of Hepliaklqana.
  8103 | D:6      | Reached skill level 9 in Shields
  8289 | D:7      | Reached XP level 10. HP: 77/77 MP: 13/13
  8293 | D:7      | Found a sacrificial altar of Ru.
  8470 | D:7      | Reached ** piety under Okawaru
  8771 | D:7      | Noticed a six-headed hydra
  9220 | D:7      | Killed a six-headed hydra
  9250 | D:7      | Reached skill level 5 in Stealth
  9813 | D:7      | HP: 2/77 [orc warrior/+0 vorpal battleaxe (5)]
  9817 | D:7      | Slain by an orc warrior

Illustrated notes

Levels and vault maps discovered:
D:1:      spicycebolla_arrival_xxxplode, layout_basic
D:2:      layout_rooms, basic_altar, hellmonk_ecumenical_altar_inner_sanctum,
          chequers_mini_garden
D:3:      layout_basic, mainiacjoe_overflow_catwalk, trog_book, uniq_grinder,
          uniq_robin
D:4:      layout_basic, vehumet_altar_wand_db, chequers_ossuary_entry_cave
D:5:      layout_loops_ring, makhleb_altar_promises_db,
          nicolae_overflow_squiral, lemuel_temple_firewalk_a
D:6:      layout_loops_ring, nicolae_hepliaklqana_monster_ancestors,
          uniq_blork_the_orc, uniq_prince_ribbit1, uniq_duvessa
D:7:      layout_cave_pools, mainiacjoe_overflow_cross_hatched,
          lightli_corner_chamber
D:8:      layout_rooms, minmay_fire_ice_demons
Temple:   hellmonk_temple_of_storms

Skill      XL: |  1  2  3  4  5  6  7  8  9 10 |
---------------+-------------------------------+-----
Fighting       | 4 5 6 7 |  7.0
Armour         | 4 5 6 7 |  7.0
Throwing       | 1 2 3 4 5 6 |  6.0
Dodging        | 1 2 |  2.0
Maces & Flails | 3 4 5 6 |  6.0
Shields        | 6 8 9 |  9.7
Stealth        | 2 3 4 5 |  5.0
Evocations     | 1 2 3 |  3.0
Invocations    | 4 |  4.0

Action                   |  1- 3 |  4- 6 |  7- 9 | 10-12 || total
-------------------------+-------+-------+-------+-------++-------
Melee: Flail             |    77 |   169 |   688 |   180 ||  1114
Throw: Stone             |       |     3 |    50 |    13 ||    66
       Dart              |       |       |     7 |     5 ||    12
       Boomerang         |       |       |       |    12 ||    12
Invok: Heroism           |       |       |       |     1 ||     1
 Abil: Dig               |       |     1 |       |     1 ||     2
  Use: Scroll            |     4 |     5 |     6 |     3 ||    18
       Potion            |       |       |     3 |     2 ||     5
 Stab: Invisible         |       |       |     1 |     1 ||     2
Armor: Scale mail        |    11 |       |       |       ||    11
       Chain mail        |    46 |    63 |   239 |    94 ||   442
Dodge: Dodged            |    35 |    45 |   128 |    65 ||   273
Block: Buckler           |    29 |    62 |   375 |   151 ||   617
       Reflection        |       |       |       |     7 ||     7

Table legend: (Time is in decaauts)
 A = Elapsed time spent in this place.
 B = Non-inter-level travel time spent in this place.
 C = Inter-level travel time spent in this place.
 D = Time resting spent in this place.
 E = Time spent auto-exploring this place.
 F = Levels seen in this place.
 G = Mean time per level.
                   A        B        C        D        E       F      G
               +--------+--------+--------+--------+--------+-----+--------+
         Total |  10050 |   9224 |    826 |    152 |   6912 |  10 | 1005.0 |
       Dungeon |   9279 |   8469 |    810 |    152 |   6525 |   8 | 1159.9 |
        Temple |     49 |     34 |     15 |      0 |     24 |   1 |   49.0 |
       Ossuary |    721 |    721 |      0 |      0 |    363 |   1 |  721.0 |
               +--------+--------+--------+--------+--------+-----+--------+

Top non-repeatable levels by time:
     D:5: 1664 daAuts
     D:3: 1529 daAuts
     D:7: 1448 daAuts
     D:6: 1376 daAuts
     D:4: 1077 daAuts
     D:1: 1020 daAuts
     D:2: 997 daAuts
 Ossuary: 721 daAuts
     D:8: 165 daAuts
  Temple: 49 daAuts
